 Dungeon Crawl Stone Soup version 0.23-a0-416-g33f1def (webtiles) character file.

55 JeffiDaFish the Grave Robber (level 3, 0/19 HPs)
             Began as a Deep Elf Necromancer on Nov 8, 2018.
             Succumbed to a worker ant's poison
             ... on level 2 of the Dungeon on Nov 9, 2018.
             The game lasted 00:02:25 (1007 turns).

JeffiDaFish the Grave Robber (Deep Elf Necromancer) Turns: 1007, Time: 00:02:25

Health: 0/19       AC:  2    Str:  5    XL:     3   Next: 67%
Magic:  5/10       EV: 13    Int: 20    God:
Gold:   29         SH:  0    Dex: 15    Spells: 8/9 levels left

rFire    . . .     SeeInvis .   d - +1 short sword (drain)
rCold    . . .     Gourm    .   (no shield)
rNeg     . . .     Faith    .   a - +0 robe
rPois    .         Spirit   .   (no helmet)
rElec    .         Reflect  .   (no cloak)
rCorr    .         Harm     .   (no gloves)
MR       .....                  (no boots)
Stlth    ++........             (no amulet)
HPRegen  0.06/turn              (no ring)
MPRegen  0.12/turn              (no ring)

@: lethally poisoned (0 -> -5)
A: no striking features
a: no special abilities


You were on level 2 of the Dungeon.
You were not hungry.

You visited 1 branch of the dungeon, and saw 2 of its levels.

You collected 29 gold pieces.

Inventory:

Hand Weapons
 d - a +1 short sword of draining (weapon)
Armour
 a - a +0 robe (worn)
Scrolls
 e - 2 scrolls of magic mapping
Comestibles
 b - 9 chunks of flesh
 c - 5 rations


   Skills:
 + Level 3.2 Dodging
 - Level 2.4 Stealth
 + Level 3.8 Spellcasting
 * Level 5.7 Necromancy


You had 8 spell levels left.
You knew the following spells:

 Your Spells              Type           Power        Failure   Level  Hunger
a - Pain                  Necr           ####         1%          1    None

Your spell library contained the following spells:

 Spells                   Type           Power        Failure   Level  Hunger
 Animate Skeleton         Necr           N/A          1%          1    None
 Vampiric Draining        Necr           ####......   3%          3    ###....
 Regeneration             Chrm/Necr      ###.......   12%         3    ###....
 Animate Dead             Necr           N/A          12%         4    ####...


Dungeon Overview and Level Annotations

Branches:
Dungeon (2/15)

Altars:


Message History

Press: ? - help, Shift-Dir - straight line, f/p - worker ant
Aim: a worker ant (heavily wounded, chance to defeat MR: 89%)
The worker ant writhes in agony!
The worker ant closely misses you.
Casting: Pain (safe; 1% risk of failure)
Confirm with . or Enter, or press ? or * to list all spells.
Aiming: Pain (safe; 1% risk of failure)
Press: ? - help, Shift-Dir - straight line, f/p - worker ant
Aim: a worker ant (severely wounded, chance to defeat MR: 89%)
The worker ant writhes in agony!
You kill the worker ant!
Memorise Regeneration, consuming 3 spell levels and leaving 5? [Y]es or [N]o only, please.
Memorise Regeneration, consuming 3 spell levels and leaving 5?
Your memorisation is interrupted.
* * * LOW HITPOINT WARNING * * *
You feel sick.
You aren't carrying any potions.
Okay, then.
You see here 10 gold pieces.
You die...

#.# #.# #.#
#.# #.# #.#
#.# #.# #@#
#.# #.# h
#####†# ...
#....†#
....#†l...#
.....r.....#
..K.....<..#
...........#


There were no monsters in sight!

Vanquished Creatures
  A worker ant (D:2)
  2 dart slugs (D:1)
  A ball python (D:1)
  3 giant cockroaches (D:1)
  4 hobgoblins
  2 jackals (D:2)
  3 kobolds (D:1)
  A quokka (D:2)
  A bat (D:1)
  A frilled lizard (D:2)
  A goblin (D:1)
  7 rats
27 creatures vanquished.

Notes
Turn   | Place    | Note
-------+----------+-------------------------------------------
     0 | D:1      | JeffiDaFish the Deep Elf Necromancer began the quest for
                  | the Orb.
     0 | D:1      | Reached XP level 1. HP: 10/10 MP: 6/6
    35 | D:1      | Upgraded the game from 0.23-a0-413-g57a8110 to
                  | 0.23-a0-416-g33f1def
   309 | D:1      | Reached skill level 5 in Necromancy
   487 | D:1      | Reached XP level 2. HP: 15/15 MP: 6/8
   985 | D:2      | Reached XP level 3. HP: 18/19 MP: 8/10
  1007 | D:2      | Succumbed to a worker ant's poison

Vault maps used:
D:1:      minmay_arrival_wavy_path, due_unseen_surprise
D:2:      grunt_temple_overflow_open

Skill      XL: |  1  2  3 |
---------------+----------+-----
Necromancy     | 5 |  5.7
Dodging        | 3 |  3.2
Stealth        | |  2.4
Spellcasting   | |  3.8

Action                   || total
-------------------------++-------
Melee: Short sword       ||    30
 Cast: Pain              ||    26
  Use: Potion            ||     3
       Scroll            ||     1
 Stab: Sleeping          ||     2
Armor: Robe              ||     5
Dodge: Dodged            ||    21

Table legend:
 A = Non-vault XP
 B = Vault XP
 C = Vault XP percentage of total XP
 D = Non-vault monster count
 E = Vault monster count
 F = Vault count percentage of total count
                 A         B        C        D         E       F
            +---------+---------+-------+---------+---------+-------
      Total |      79 |       0 |   0.0 |      27 |       0 |   0.0
            +---------+---------+-------+---------+---------+-------
        D:1 |      35 |       0 |   0.0 |      20 |       0 |   0.0
        D:2 |      44 |       0 |   0.0 |       7 |       0 |   0.0
            +---------+---------+-------+---------+---------+-------
